[Event "Early-Titled-Tuesday-Blitz-May-07-2024"]
[Site "Chess.com"]
[Date "2024.05.07"]
[Round "1"]
[White "GMKrikor"]
[Black "Lady_Nika"]
[Result "1-0"]
[WhiteElo "2855"]
[BlackElo "2484"]
[TimeControl "180+1"]
[EndTime "8:09:06 PDT"]
[Termination "GMKrikor won by resignation"]

1. Nf3 d5 2. c4 c6 3. d4 e6 4. Nc3 f5 5. Bf4 Nf6 6. e3 Bd6 7. Bd3 O-O 8. O-O Ne4 9. Qc2 Qe7 10. Ne5 Nd7 11. Nxd7 Bxd7 12. Ne2 g5 13. Bxd6 Nxd6 14. Rae1 Rae8 15. f3 e5 16. c5 Nc8 17. dxe5 Qxe5 18. Nd4 Ne7 19. Qb3 Bc8 20. Qc3 Ng6 21. b4 a6 22. a4 Qg7 23. b5 axb5 24. axb5 Ne5 25.
b6 Re7 26. Qc2 Qf6 27. Qd2 Ng6 28. Bc2 Nh4 29. Qf2 Rfe8 30. f4 g4 31. Bd3 Rf7 32.
Kh1 Ng6 33. Ra1 Kh8 34. Ra8 Ne7 35. Qb2 Rg8 36. g3 Rfg7 37. Rf2 h5 38. Nb3 Qh6 39. Qe5 h4 40. Kg1 Ng6 41. Qf6 Rf8 42. Qd4 Kg8 43.
Rg2 Rh7 44. Kf2 hxg3+ 45. hxg3 Qh1 46. Bf1 Rh2 47. Rxh2 Qxh2+ 48. Bg2 Qh7 49. Nc1 Qe7 50. Nd3 Re8 51. Bf1 Qh7 52. Bg2 Qe7 53. Rb8 Qh7 54.
Qf6 Qf7 55. Qxf7+ Kxf7 56. Nb2 Kg7 57. Na4 Kf7 58. Nc3 Ne7 59. Ne2 Ke6 60. Nd4+ Kf6 61.
Ra8 Kf7 62. Ra7 Ng6 63. Nxc6 Ne7 64. Nxe7 Rxe7 65. Bxd5+ Kf6 66. Bg2 Rd7 67. c6 Rd2+ 68. Kg1 bxc6 69. Rc7 Ba6 70. b7 Rb2 71. Bxc6 Rb1+ 72. Kh2 Rb2+ 73. Kg1 Rb1+ 74. Kf2 Rf1+ 75. Kg2 Rb1 76. Rc8 Bf1+ 77. Kf2 Ba6 78. b8=Q Rf1+ 79.
Kg2 1-0

[Event "Early-Titled-Tuesday-Blitz-May-07-2024"]
[Site "Chess.com"]
[Date "2024.05.07"]
[Round "1"]
[White "RodTwinkz"]
[Black "Naruto75_3"]
[Result "0-1"]
[WhiteElo "2673"]
[BlackElo "2401"]
[TimeControl "180+1"]
[EndTime "8:09:07 PDT"]
[Termination "Naruto75_3 won on time"]

1. d4 d5 2. c4 c6 3. Nf3 Nf6 4. Nc3 e6 5. e3 Nbd7 6. Qc2 Bd6 7. g4 h6 8. Rg1 dxc4 9. Bxc4 b5 10. Be2 Bb7 11. h4 Qb6 12. g5 hxg5 13. hxg5 Nd5 14. g6 f5 15. Ng5 Nf8 16. Nf7 Bh2 17. Nxd5 cxd5 18. Rh1 Rh4 19. Ng5 Bg3 20. Rxh4 Bxh4 21. Nf3 Bf6 22. Ne5 Bxe5 23. dxe5 Nxg6 24. Qb3 Ne7 25.
Qxb5+ Bc6 26. Qxb6 axb6 27. Bd2 Kd7 28. a3 Rh8 29.
O-O-O Ba4 30. Rg1 g6 31. Be1 Rg8 32. f4 Nc6 33. Bc3 Ne7 34. Kd2 Bc6 35. Bb4 Ke8 36.
Rc1 Bd7 37. Rc7 g5 38. fxg5 Rxg5 39. Bd6 Kd8 40. Rb7 Nc8 41. Bc7+ Ke8 42. Bxb6 Nxb6 43.
Rxb6 Rg2 44. Ke1 Kd8 45. b4 Kc7 46. Ra6 Rxe2+ 47. Kd1 Rxe3 48. a4 Rxe5 49. b5 Re4 50. Ra7+ Kd6 51. Kd2 f4 52. b6 Rb4 53. a5 Bc6 54.
Rf7 Kc5 55. Rf6 Kd6 56. Kc3 Rc4+ 57. Kb3 Rc5 58. Rxf4 Rxa5 59. Kc2 Rb5 60. Kd2 Rxb6 61. Rh4 Rb2+ 62. Kc1 Rg2 63. Rh6 Bb5 64. Kd1 Bd3 65. Ke1 Bf5 66. Kf1 Rb2 67. Kg1 d4 68. Kf1 d3 69. Rh8 Ke5 70. Rd8 Ke4 0-1

[Event "Early-Titled-Tuesday-Blitz-May-07-2024"]
[Site "Chess.com"]
[Date "2024.05.07"]
[Round "1"]
[White "sonicdravise"]
[Black "Louis-Paulsen-Fan"]
[Result "1-0"]
[WhiteElo "2643"]
[BlackElo "2348"]
[TimeControl "180+1"]
[EndTime "8:09:09 PDT"]
[Termination "sonicdravise won by resignation"]

1. Nf3 d5 2. e3 e6 3. c4 c5 4.
cxd5 exd5 5. d4 Nc6 6. Bb5 Nf6 7. O-O Be7 8. dxc5 Bxc5 9. b3 O-O 10. Bb2 Bg4 11.
Be2 Ne4 12. Nc3 Nxc3 13. Bxc3 Qd7 14. Ne5 Nxe5 15. Bxe5 Bxe2 16. Qxe2 Qe6 17. Qb2 f6 18. Bd4 Rac8 19. Rac1 Qd6 20. Bxc5 Rxc5 21. Rxc5 Qxc5 22.
Rc1 Qa5 23. h3 Rd8 24. Qc2 d4 25. Qc4+ Qd5 26. exd4 b5 27. Qxd5+ Rxd5 28. Rc5 Rxd4 29. Rxb5 Rd7 30. Rb8+ Kf7 31. Ra8 Ke6 32. Kf1 Kd5 33.
Ke2 Kc5 34. Rb8 Kd4 35. Rc8 h6 36. Rc4+ Kd5 37. Rc3 Re7+ 38. Re3 Rc7 39. Kd2 Kd4 40.
Rd3+ Ke4 41. Rc3 Rd7+ 42. Ke2 Rd6 43. Rc4+ Ke5 44. Rg4 g5 45. Ra4 Rd7 46. Ra5+ Ke6 47. Rc5 f5 48. Rc2 Ke5 49. b4 Re7 50. Kd3 Kf4 51.
Rc4+ Ke5 52. Rc5+ Ke6 53. a4 Rd7+ 54. Ke3 Rd1 55. Ra5 Rb1 56. b5 Ke5 57. Rxa7 Rb3+ 58. Ke2 Ke4 59. Re7+ Kd4 60. Re3 Rb2+ 61. Kf3 h5 62. g4 hxg4+ 63. hxg4 fxg4+ 64. Kg3 Ra2 65. Rb3 Rxa4 66. b6 Ra8 67. b7 Rb8 68. Kxg4 Kc4 69.
Rb1 Kc5 70. Kxg5 Kc6 71. f4 Rxb7 72. Rxb7 Kxb7 73. Kf6 Kc6 74. Ke6 Kc7 75. Ke7 Kc6 76.
f5 Kc5 77. f6 Kd5 78. f7 Ke4 79. f8=Q Kd4 80. Qf5 Ke3 81. Qg4 1-0

[Event "Early-Titled-Tuesday-Blitz-May-07-2024"]
[Site "Chess.com"]
[Date "2024.05.07"]
[Round "1"]
[White "kemelgallo"]
[Black "Arteler"]
[Result "1-0"]
[WhiteElo "2640"]
[BlackElo "2343"]
[TimeControl "180+1"]
[EndTime "8:09:12 PDT"]
[Termination "kemelgallo won by checkmate"]

1. d4 Nf6 2. c4 g6 3. Nc3 Bg7 4. e4 d6 5. Nf3 O-O 6. Be2 e5 7. Be3 Nc6 8. d5 Ne7 9. Nd2 Nd7 10. g4 f5 11. gxf5 gxf5 12. f3 Nf6 13. Qc2 Nh5 14. O-O-O Nf4 15. Bd3 Kh8 16. Rhg1 Neg6 17.
Rde1 Nxd3+ 18. Qxd3 Nf4 19. Qc2 Bd7 20. Kb1 Qh4 21.
exf5 Bxf5 22. Nde4 Bh6 23. Rg3 Nh5 24. Bxh6 Nxg3 25. Bg5 Qh5 26. hxg3 Qxf3 27. Ka1 Qg4 28. Qh2 Kg8 29. Nf6+ Rxf6 30. Bxf6 Rf8 31. Qh4 Qg6 32. Bg5 Bd3 33. Bc1 Qf5 34. b3 Qg6 35. Rh1 e4 36. Qg5 Qxg5 37. Bxg5 Rf3 38. Bf4 Kg7 39. Re1 Kg6 40.
Nxe4 Bxe4 41. Rxe4 Rf1+ 42. Kb2 Rf2+ 43. Ka3 a6 44.
Re7 h5 45. Rxc7 h4 46. Bxd6 h3 47. g4 Rf6 48. Be5 Rf2 49. Rxb7 Kg5 50. Rg7+ Kh4 51. d6 Re2 52. d7 Rxe5 53. d8=Q+ Kg3 54. Qd6 Kg2 55.
Qxe5 h2 56. Rh7 h1=Q 57. Qe4+ Kf2 58. Rxh1 a5 59. Rf1+ Kg3 60. Rg1+ Kh4 61. Qh1+ Kg5 62. Rf1 a4 63. Kxa4 Kxg4 64. Rf4+ Kg5 65. c5 Kxf4 66. c6 Kg5 67. c7 Kf4 68. Qe4+ Kg5 69. c8=Q Kh6 70.
Qg6+ Kxg6 71. Qf5+ Kxf5 72. b4 Kg6 73. Kb5 Kf5 74.
Kc6 Kg6 75. b5 Kf5 76. b6 Kg6 77. b7 Kg5 78. a4 Kg6 79. a5 Kg5 80. a6 Kg6 81. a7 Kg5 82. b8=Q Kg6 83. Qg3+ Kf6 84. Qg6+ Kxg6 85. a8=Q Kf5 86. Qe8 Kf6 87. Kd5 Kg7 88.
Qe2 Kh6 89. Qf2 Kg5 90. Ke5 Kg4 91. Qg2+ Kh4 92. Kf5 Kh5 93. Qg4+ Kh6 94. Qg5+ Kh7 95. Kf6 Kh8 96. Kf7 Kh7 97. Kf8 Kh8 98. Kf7 Kh7 99.
Kf6 Kh8 100. Qg7# 1-0

[Event "Early-Titled-Tuesday-Blitz-May-07-2024"]
[Site "Chess.com"]
[Date "2024.05.07"]
[Round "1"]
[White "Anton_Demchenko"]
[Black "alpope"]
[Result "1/2-1/2"]
[WhiteElo "2921"]
[BlackElo "2522"]
[TimeControl "180+1"]
[EndTime "8:09:14 PDT"]
[Termination "Game drawn - insufficient material"]

1. e4 d6 2. d4 Nf6 3. Nc3 e5 4. dxe5 dxe5 5. Qxd8+ Kxd8 6. Bc4 Be6 7. Bxe6 fxe6 8. f3 Bd6 9. Nge2 Ke7 10. Nd1 a6 11. Nf2 b5 12. Be3 Nc6 13. Nd3 Nb4 14.
Nxb4 Bxb4+ 15. c3 Bd6 16. Rc1 Nd7 17. Kf2 Bc5 18. Rhd1 Bxe3+ 19. Kxe3 Nb6 20. b3 Rhd8 21. h4 Rd6 22. Ng3 Rad8 23. Ke2 Nd7 24. Rxd6 cxd6 25.
Nf1 Rc8 26. Ne3 Nf6 27. g4 Nd7 28. h5 h6 29. Kd2 Nf6 30. c4 Nh7 31. cxb5 Rxc1 32.
Kxc1 axb5 33. Kd2 Ng5 34. Ke2 Kd7 35. a3 Kc6 36. Ng2 Nh3 37. Ke3 d5 38. exd5+ exd5 39. Nh4 Ng5 40. Nf5 Ne6 41. Kd2 Kc5 42. Kd3 Kc6 43.
Ke3 Kc5 44. Kf2 Kc6 45. g5 Nxg5 46. Nxg7 Nf7 47. Nf5 Kd7 48. a4 bxa4 49. bxa4 Kc6 50. Ke3 Kc5 51. f4 exf4+ 52. Kxf4 Kb4 53. Ne7 d4 54.
Ke4 Kxa4 55. Kxd4 Kb5 56. Ke4 Kc5 57. Kf5 Kd6 58. Kf6 Ne5 59. Nf5+ Kd5 60. Nxh6 Ke4 61.
Kg5 Nf3+ 62. Kg4 Ne5+ 63. Kg5 Nf3+ 64. Kf6 Ne5 65. Nf5 Ng4+ 66. Kg5 Kf3 67. Nh4+ Kg3 68. Nf5+ Kh3 69. Ne7 Kg3 70. Ng6 Kh3 71. Nf4+ Kg3 72. Ne2+ Kf3 73. Nd4+ Kg3 74. Nc6 Kh3 75. Nd8 Kg3 76.
Nf7 Kh3 77. Nh6 Ne5 78. Nf5 Ng4 79. Kg6 Ne5+ 80. Kg7 Ng4 81. Ne3 Kh4 82. Nxg4 Kxh5 1/2-1/2

[Event "Early-Titled-Tuesday-Blitz-May-07-2024"]
[Site "Chess.com"]
[Date "2024.05.07"]
[Round "1"]
[White "GiorgianBarbosa"]
[Black "lamomiajunior"]
[Result "1-0"]
[WhiteElo "2485"]
[BlackElo "2817"]
[TimeControl "180+1"]
[EndTime "8:09:21 PDT"]
[Termination "GiorgianBarbosa won by resignation"]

1. d4 Nf6 2. c4 g6 3. Nc3 Bg7 4.
Nf3 O-O 5. e4 d6 6. Be2 e5 7.
O-O Nc6 8. d5 Ne7 9. b4 Nh5 10.
c5 Nf4 11. Nd2 f5 12. Bf3 Nd3 13. Nc4 Nxc1 14. Rxc1 a6 15. a4 fxe4 16. Bxe4 Nf5 17. cxd6 cxd6 18. a5 Bh6 19. Rb1 Qc7 20. Qd3 Nd4 21.
Na4 Bf5 22. Nab6 Rae8 23. Rfe1 Qe7 24. f3 Qf6 25. Rb2 Re7 26. Ne3 Bf4 27. Bxf5 gxf5 28. Nc2 e4 29. fxe4 Ne2+ 30. Rxe2 Qxb2 31. exf5 Be5 32. g3 Ref7 33. Nc4 Qc3 34. Qxc3 Bxc3 35. g4 h5 36. Nxd6 Rd7 37. Ne4 Be5 38. Ne3 hxg4 39.
Nxg4 Bd4+ 40. Kg2 Rg7 41. h3 Rxf5 42. d6 Rd7 43. Ng3 Rd5 44. Re6 R5xd6 45. Re4 Bg7 46. Nf5 Rd2+ 47. Kg3 R2d3+ 48. Kh4 Rf7 49. Nfh6+ Bxh6 50.
Nxh6+ Kg7 51. Nxf7 Kxf7 52. Rc4 Rd7 53. Kg4 Kf6 54.
h4 Rg7+ 55. Kf4 Ke6 56. Re4+ Kd5 57. Ke3 Rg3+ 58. Kf2 Rh3 59. Rg4 Rb3 60. Kg2 Re3 61.
h5 Re7 62. h6 Rh7 63. Rh4 Ke5 64. Kf3 Kf5 65. Ke3 Ke5 66. Rh5+ Kf6 67. Kd4 Kg6 68. Rh1 Rd7+ 69. Kc5 Kh7 70. Kb6 Rf7 71. Rc1 Kxh6 72. Rc7 Rf4 73. Kc5 Rf5+ 74. Kc4 Rf4+ 75. Kb3 Rf3+ 76.
Ka4 Rf1 77. Rxb7 Ra1+ 78. Kb3 Rb1+ 79. Kc4 Rc1+ 80. Kd5 Kg5 81. Rb6 Rb1 82. Kc6 Rc1+ 83. Kb7 Kf5 84. Kxa6 Ke5 85. b5 Kd5 86. Kb7 Kc5 87.
Rc6+ Kxb5 88. Rxc1 1-0

[Event "Early-Titled-Tuesday-Blitz-May-07-2024"]
[Site "Chess.com"]
[Date "2024.05.07"]
[Round "1"]
[White "djokovic74"]
[Black "SaiHanThiha"]
[Result "1-0"]
[WhiteElo "2819"]
[BlackElo "2457"]
[TimeControl "180+1"]
[EndTime "8:09:23 PDT"]
[Termination "djokovic74 won by checkmate"]

1. e4 c6 2. Nf3 d5 3. Nc3 Bg4 4. h3 Bxf3 5. Qxf3 e6 6. Be2 Nd7 7. O-O Ngf6 8. d4 dxe4 9. Nxe4 Nxe4 10. Qxe4 Nf6 11. Qd3 Bd6 12. b3 O-O 13. Bb2 Qe7 14.
Rad1 Rfd8 15. Bf3 a5 16. a4 Nd5 17. g3 Rd7 18. Rfe1 Rad8 19. Qe2 Bb4 20. Rf1 Nc3 21. Bxc3 Bxc3 22. Rd3 Bxd4 23. Rfd1 Bb6 24. Kg2 g6 25. h4 h5 26. Qe4 Rxd3 27. Rxd3 Rxd3 28. Qxd3 Qc5 29.
Qe2 Qc3 30. Be4 Kg7 31. Bd3 e5 32. Qd1 Qd4 33. Qe2 f5 34. Bc4 e4 35. Be6 Bc5 36. Bc8 b5 37. Bb7 bxa4 38. bxa4 Qxa4 39. Qd2 e3 40. fxe3 Qe4+ 41. Kf2 f4 42. gxf4 Qxf4+ 43. Ke2 Qg4+ 44. Kf1 Qf3+ 45. Qf2 Qd1+ 46. Kg2 Qd5+ 47. Qf3 Qd2+ 48. Qf2 Qd7 49. Ba6 a4 50. Bc4 Qg4+ 51. Qg3 Qxc4 52. Qe5+ Kh7 53. Qc7+ Kh6 54. Qd8 Qe2+ 55.
Kh1 Qf1+ 56. Kh2 Qf2+ 57. Kh1 Qxh4+ 58. Qxh4 g5 59. Qxa4 Bxe3 60. Qxc6+ Kg7 61. Qd5 Bf4 62. c4 h4 63. Qf5 g4 64. Qxg4+ Kh6 65. Qxf4+ Kh5 66.
Qf1 h3 67. c5 Kg5 68. c6 h2 69. c7 Kg4 70. c8=Q+ Kg3 71. Qc3+ Kg4 72. Qfc4+ Kg5 73.
Qa5+ Kg6 74. Qca6+ Kg7 75. Qc7+ Kf8 76. Qac8# 1-0

[Event "Early-Titled-Tuesday-Blitz-May-07-2024"]
[Site "Chess.com"]
[Date "2024.05.07"]
[Round "1"]
[White "stolencandy13"]
[Black "Rhesh29"]
[Result "1-0"]
[WhiteElo "2672"]
[BlackElo "2375"]
[TimeControl "180+1"]
[EndTime "8:09:26 PDT"]
[Termination "stolencandy13 won on time"]

1. d4 Nf6 2. Bf4 g6 3. Nc3 d5 4.
Nf3 Bg7 5. Qd2 c5 6. e3 O-O 7.
O-O-O c4 8. Ne5 b5 9. Nxb5 Ne4 10. Qe1 Qb6 11. Nc3 Nxc3 12. Qxc3 Na6 13. h4 Rb8 14. h5 Nb4 15. Kb1 g5 16. Bxg5 f6 17.
Nxc4 dxc4 18. Bxc4+ Be6 19. Bf4 Rfc8 20. Bxe6+ Qxe6 21. Qb3 Qxb3 22. axb3 e5 23. dxe5 fxe5 24. Bg3 Rxc2 25.
h6 Bf6 26. e4 Rc6 27. Rd7 Na6 28. Rhd1 Nc5 29. Rxa7 Nxe4 30. Bh2 Rxb3 31. f3 Nc3+ 32. Kc2 Nxd1+ 33. Kxb3 Ne3 34. Ra8+ Kf7 35. Rb8 Nxg2 36.
Ka4 Kg6 37. b4 Ne3 38. b5 Rc4+ 39. Kb3 Rc1 40. Bg3 Nd5 41. Kb2 Rc4 42. Ka3 Be7+ 43. Kb3 Rc3+ 44. Kb2 Rxf3 45. Bxe5 Re3 46. Bd4 Rd3 47.
Ba7 Bf6+ 48. Kc2 Rc3+ 49. Kd2 Rb3 50. b6 Kf5 51. Rc8 Nxb6 52. Bxb6 Rxb6 53. Rc5+ Kg6 54. Ke2 Kxh6 55. Kf3 Kg6 56. Kg4 h6 57. Rc4 Rb5 58.
Kh3 Ra5 59. Rg4+ Bg5 60. Rc4 Kh5 61. Rc3 Ra4 62. Rd3 Rb4 63. Rc3 Kg6 64. Rd3 h5 65.
Rc3 Bf6 66. Rd3 Kf5 67. Rf3+ Kg6 68. Ra3 h4 69. Rd3 Kh5 70. Rf3 Bg5 71. Rd3 Rb5 72.
Rc3 Ra5 73. Rd3 Bf4 74. Rb3 Ra1 75. Rb5+ Bg5 76. Rb3 Ra2 77. Rd3 Ra1 78. Rc3 Ra4 79.
Rb3 Ra1 80. Rd3 Rh1+ 81. Kg2 Re1 82. Kh3 Rh1+ 83. Kg2 Re1 84. Kh3 Re4 85. Rc3 Rg4 86. Rb3 1-0

[Event "Early-Titled-Tuesday-Blitz-May-07-2024"]
[Site "Chess.com"]
[Date "2024.05.07"]
[Round "1"]
[White "SuanTiltado"]
[Black "a_kandil"]
[Result "1/2-1/2"]
[WhiteElo "2258"]
[BlackElo "2582"]
[TimeControl "180+1"]
[EndTime "8:09:47 PDT"]
[Termination "Game drawn by stalemate"]

1. d4 Nf6 2. c4 e6 3. Nf3 Bb4+ 4. Nbd2 d5 5. e3 O-O 6. a3 Be7 7. Be2 c5 8. O-O cxd4 9. Nxd4 Nc6 10. N4f3 e5 11.
cxd5 Nxd5 12. Nc4 f6 13. b4 Be6 14. Bb2 b5 15. Ncd2 Qb6 16. Rc1 Rac8 17. Ne4 Rfd8 18. Qe1 Kh8 19. Nc5 Bg8 20. Nd2 f5 21. Ndb3 Bf6 22. e4 fxe4 23. Bg4 Rc7 24. Qxe4 Nf4 25.
g3 Ng6 26. Ne6 Bxe6 27. Bxe6 Nd4 28. Bxd4 exd4 29. Nc5 Re8 30. Qg4 Ne5 31. Qh5 Rce7 32. Bd5 d3 33. Be4 g6 34. Qd1 Rd8 35. Qd2 Nc4 36. Qf4 d2 37. Rcd1 Be5 38. Qh4 Qf6 39.
Qxf6+ Bxf6 40. Bd3 Nb2 41. Rxd2 Bc3 42. Rxb2 Bxb2 43. Bxb5 Bd4 44. Kg2 Bxc5 45. bxc5 Rc7 46. c6 Rb8 47. a4 a6 48. Bxa6 Rxc6 49. Bb5 Rc2 50. Re1 Rb7 51. Re8+ Kg7 52. Re2 Rxe2 53. Bxe2 Rb2 54. Bb5 Ra2 55. h4 Kf6 56. Kf3 Ke5 57.
Kg2 Ke4 58. Bc6+ Kd4 59. Bb5 Kc3 60. Kf1 Kd2 61. Bc6 h6 62. g4 g5 63. hxg5 hxg5 64.
Bd7 Ra1+ 65. Kg2 Ke1 66. Kg3 Ra3+ 67. f3 Kd2 68. Bc6 Ke2 69. Bb5+ Ke1 70. Kg2 Ra2+ 71. Kg3 Rb2 72. Bc6 Ra2 73. Bb5 Kd2 74. Bc6 Ke3 75. Bb5 Kd4 76. Bc6 Ra1 77. Kf2 Ke5 78. Ke3 Ra3+ 79. Kd2 Kd6 80. Be4 Rxa4 81. Ke3 Ke5 82. Bd3 Ra3 83. Ke2 Kf4 84. Be4 Ra2+ 85. Kf1 Kg3 86. Ke1 Rf2 87. Bd5 Rxf3 88. Bxf3 Kxf3 89.
Kf1 Kxg4 90. Kg2 Kf4 91. Kf2 g4 92. Kg2 g3 93. Kg1 Kg4 94. Kg2 Kf4 95. Kg1 Kf3 96. Kf1 g2+ 97. Kg1 Kg3 1/2-1/2

[Event "Early-Titled-Tuesday-Blitz-May-07-2024"]
[Site "Chess.com"]
[Date "2024.05.07"]
[Round "1"]
[White "carokannlover213"]
[Black "Vasily85"]
[Result "0-1"]
[WhiteElo "2740"]
[BlackElo "2455"]
[TimeControl "180+1"]
[EndTime "8:10:09 PDT"]
[Termination "Vasily85 won by resignation"]

1. Nf3 Nf6 2. c4 e6 3. g3 d5 4. Bg2 Be7 5. O-O O-O 6. b3 c5 7. cxd5 Nxd5 8. Bb2 Nc6 9. Nc3 Bf6 10. Qc1 b6 11. Nxd5 exd5 12. d4 Nxd4 13. Nxd4 cxd4 14. Qd2 Ba6 15. Rfe1 Re8 16. Bf3 d3 17. Bxf6 Qxf6 18.
Bxd5 Rxe2 19. Qxe2 dxe2 20. Bxa8 h5 21. h4 Bd3 22. Kg2 Qd4 23. Rac1 g6 24. Bf3 Qb2 25. Rc8+ Kg7 26. Rd8 Qc3 27. Rxe2 Bxe2 28. Bxe2 Qb2 29. Bc4 Qxa2 30. Rd7 a5 31. Rxf7+ Kh6 32. Rd7 Qb2 33.
Bg8 Qh8 34. Bc4 Qc8 35. Re7 Qc6+ 36. Kg1 Qf6 37. Ra7 Qa1+ 38. Kg2 Qf6 39. Kg1 Qc3 40. Bg8 Qh8 41. Bc4 g5 42. hxg5+ Kxg5 43. Rd7 Qc3 44. Rd5+ Kh6 45. Rd6+ Kg7 46. Rxb6 a4 47. Rb7+ Kh6 48. Rb6+ Kg7 49. Rb7+ Kf8 50. Be6 a3 51. Bd5 a2 52. Rf7+ Ke8 53. Ra7 a1=Q+ 54. Rxa1 Qxa1+ 55.
Kg2 Qc3 56. Bc4 Ke7 57. Be2 Qxb3 58. Bxh5 Kf6 59. Bf3 Qb2 60. Bc6 Kg5 61. Be4 Kf6 62. Kf3 Ke5 63. Bg6 Kd4 64. g4 Qd2 65. Bf5 Ke5 66.
Kg3 Qf4+ 67. Kg2 Kf6 68. Bc8 Kg5 69. Bf5 Qd2 70. Kg3 Qd6+ 71. Kg2 Kf4 72. Kh3 Qd1 73. Kg2 Qe1 74. Bc8 Ke5 75. Bf5 Kd4 76. Kg3 Qe5+ 77.
Kh4 Qh2+ 78. Kg5 Qxf2 79. Kf6 Qh4+ 80. g5 Qh8+ 81. Kf7 Qh5+ 82. Kf6 Kd5 83. g6 Qh6 84. Kf7 Qh5 85. Kf6 Qh4+ 86. Kf7 Qg5 87. Be6+ Ke5 88. g7 Qf6+ 89. Ke8 Qxe6+ 90. Kf8 Qf6+ 91. Kg8 Kf5 92. Kh8 Qh4+ 93. Kg8 Kg6 94. Kf8 Qf6+ 95.
Ke8 Qxg7 0-1

[Event "Early-Titled-Tuesday-Blitz-May-07-2024"]
[Site "Chess.com"]
[Date "2024.05.07"]
[Round "1"]
[White "zajka-molotok"]
[Black "mishanick"]
[Result "1/2-1/2"]
[WhiteElo "2540"]
[BlackElo "3045"]
[TimeControl "180+1"]
[EndTime "8:10:12 PDT"]
[Termination "Game drawn by repetition"]

1. d4 Nf6 2. c4 e6 3. Nc3 d5 4.
cxd5 exd5 5. Bg5 c6 6. e3 Be7 7. Bd3 h6 8. Bh4 O-O 9. Nge2 Nbd7 10. O-O Nh5 11. Bxe7 Qxe7 12. Rb1 a5 13. a3 Nhf6 14. Qc2 Nb6 15. Rfc1 Bg4 16. h3 Bxe2 17. Qxe2 a4 18. Qc2 Ra7 19. Re1 Rd8 20. Rbd1 Qd6 21. Qe2 Raa8 22.
f3 Nh5 23. Qf2 Qg3 24. Qxg3 Nxg3 25. Kf2 Nh5 26. g4 Nf6 27. h4 g6 28. g5 hxg5 29. hxg5 Nfd7 30. e4 dxe4 31. fxe4 Nf8 32. Bc2 Ra5 33. d5 cxd5 34. exd5 Nh7 35. Rg1 Kg7 36. Be4 Rd6 37. Rd4 Nf8 38. Rb4 Nfd7 39. Ke3 Nc5 40. Rd1 Nbd7 41. Kf4 f6 42. gxf6+ Rxf6+ 43. Ke3 Ra8 44. Kd4 Rf4 45. Ke3 g5 46. Rg1 Kf6 47. d6 Rh4 48. Nd5+ Ke6 49. Rxg5 Kxd6 50. Rg6+ Ke5 51. Rg5+ Kd6 52. Rg6+ Ne6 53. Nb6 Rah8 54. Nxd7 Kxd7 55. Rxb7+ Kc8 56. Rxe6 Rxe4+ 57. Rxe4 Kxb7 58.
Rxa4 Rh3+ 59. Kd2 Kb6 60. Kc2 Kb5 61. Rb4+ Ka5 62. Rg4 Rh2+ 63. Kb3 Rh3+ 64. Ka2 Rh2 65. Rg3 Ka4 66. Rg4+ Ka5 67. Rc4 Rg2 68. Kb3 Rg3+ 69. Rc3 Rg5 70. Rh3 Rb5+ 71. Kc3 Rc5+ 72. Kb3 Rb5+ 73.
Ka2 Rg5 74. Rh4 Rg2 75. Kb3 Rg3+ 76. Kc2 Rg2+ 77. Kb1 Rg1+ 78. Ka2 Rg2 79. Rc4 Rh2 80. Kb3 Rh3+ 81. Rc3 Rh5 82. Rd3 Rb5+ 83. Kc2 Rc5+ 84.
Rc3 Rh5 85. b3 Rh2+ 86. Kb1 Rh1+ 87. Rc1 Rh2 88. Rc2 Rh1+ 89. Kb2 Rh4 90. Rc5+ Kb6 91. b4 Rh3 92. Rc3 Rh1 93. Kb3 Rb1+ 94. Ka4 Rh1 95. Rg3 Rh6 96. Rg5 Rf6 97. Re5 Rh6 98.
Rg5 Rf6 99. Rg3 Rh6 100. Kb3 Rf6 101. a4 Ka6 102. Rc3 Rh6 103. a5 Rh1 104. Rc6+ Kb7 105. Rg6 Rh5 106. Ka4 Rh4 107. Kb5 Rh5+ 108. Ka4 Rh4 109. Rg7+ Ka6 110. Rg6+ Kb7 1/2-1/2

[Event "Early-Titled-Tuesday-Blitz-May-07-2024"]
[Site "Chess.com"]
[Date "2024.05.07"]
[Round "1"]
[White "FontVella8"]
[Black "JoliyRoger"]
[Result "1/2-1/2"]
[WhiteElo "2684"]
[BlackElo "2399"]
[TimeControl "180+1"]
[EndTime "8:12:25 PDT"]
[Termination "Game drawn by 50-move rule"]

1. e4 c6 2. d4 d5 3. e5 Bf5 4.
Nf3 e6 5. Be2 Nd7 6. O-O a6 7.
Nbd2 h6 8. a4 a5 9. Nb3 Ne7 10.
Bd2 b6 11. Ne1 Bg6 12. f4 h5 13. Bd3 Bxd3 14. Nxd3 Nf5 15. Rc1 Be7 16. c4 g6 17.
cxd5 cxd5 18. Qc2 Kf8 19. Nf2 Kg7 20. Nd1 Rc8 21. Qd3 Rxc1 22. Bxc1 Qc8 23. Nc3 Qc4 24. Qxc4 dxc4 25. Nd2 Rc8 26. Nb5 Bb4 27. Ne4 Nb8 28. Rd1 Rd8 29. Kf2 Nc6 30. Be3 Nce7 31. Bd2 Nc6 32.
Be3 Nce7 33. Rc1 Nd5 34. Bd2 Bxd2 35. Nxd2 Nxf4 36. Rxc4 Nd3+ 37. Kf3 Nxe5+ 38. dxe5 Rxd2 39. b4 Rb2 40. bxa5 bxa5 41. Rc7 Rb3+ 42. Ke2 Rb4 43. Ra7 Rxa4 44. Nc7 Kf8 45. Kd3 Rd4+ 46. Kc3 Ra4 47. Ra8+ Kg7 48. Ne8+ Kh6 49. Nf6 Kg5 50. g3 h4 51. g4 Rxg4 52. Nxg4 Kxg4 53. Rxa5 Kf4 54. Kd3 g5 55. h3 Nh6 56. Ke2 Kf5 57. Kf3 g4+ 58.
hxg4+ Nxg4 59. Kg2 Nxe5 60. Kh3 f6 61. Kxh4 Kf4 62.
Kh3 Kf5 63. Kg3 Kg5 64. Rb5 Kf5 65. Kf2 Kf4 66. Rb4+ Kf5 67. Ke3 Ng4+ 68. Kf3 Ne5+ 69. Kg3 Ng6 70. Rb5+ e5 71. Rb8 Nf4 72. Kf3 Nd3 73. Ke3 Nc5 74. Rg8 Ne6 75. Re8 Nf4 76.
Rg8 Nd5+ 77. Kf3 Ne7 78. Re8 Nc6 79. Ke3 Nd4 80. Rd8 Ne6 81. Re8 Nf4 82. Rh8 Ke6 83.
Kf3 Nd5 84. Rd8 Kf5 85. Re8 Nf4 86. Rh8 Ng6 87. Rh5+ Ke6 88. Rh6 Ne7 89. Rh8 f5 90. Rh6+ Kd5 91. Ra6 Nc6 92. Ra1 Nd4+ 93. Kf2 f4 94. Re1 Nb3 95. Re2 Nc5 96. Rd2+ Ke4 97.
Rd8 Nd3+ 98. Ke2 f3+ 99. Kd2 Nf4 100. Ke1 Ke3 101. Ra8 e4 102. Kf1 Nd3 103. Ra2 Kf4 104. Ra3 Ke3 105. Ra2 Kd4 106. Ra4+ Ke5 107. Ra2 Kf4 108. Ra4 Kg3 109. Rxe4 Nf4 110. Re8 Nd3 111. Rg8+ Kf4 112. Rf8+ Kg3 113. Rd8 Nf4 114. Rg8+ Kh4 115. Kf2 Ne6 116. Kxf3 Ng5+ 117. Kf4 Nh3+ 118. Kf5 Nf2 119. Rg2 Nh3 120. Rg4+ Kh5 121. Ra4 Ng5 122. Ra8 Nh7 123. Rh8 Kh6 124. Rg8 Kh5 125. Rg1 Kh6 126. Rh1+ Kg7 127. Rh5 Nf6 128. Rg5+ Kf7 129. Rg6 Nd7 130. Rd6 Ke7 131. Re6+ Kf7 132. Ra6 Ke7 133. Ra1 Kd6 134. Ra6+ Kd5 135. Ra5+ Nc5 136. Kf4 Kd4 137. Kf3 Kd5 138. Ke3 Kc4 139. Ra8 Kd5 140. Rd8+ Ke5 141. Rc8 Ne6 142. Re8 Kd5 143. Re7 Ke5 144. Rh7 Kf5 145. Rh5+ Kf6 146. Ke4 Ng5+ 147. Kd5 Kg6 148. Rh4 Kf5 149. Rd4 Nf3 150. Rd3 Ng5 151. Rg3 Ne6 152. Rg1 Nf4+ 153. Kd4 Ne6+ 154. Ke3 Ke5 155. Rg4 Kf5 156. Kf3 Ng5+ 157. Kg3 Ne4+ 158. Kh4 Nf6 159. Ra4 Ke5 160. Ra5+ Nd5 161. Kg5 Ke4 162. Kg4 Ke5 163. Kf3 Kd4 164. Ra4+ Ke5 165. Kg4 Ne3+ 166. Kf3 1/2-1/2

[Event "Early-Titled-Tuesday-Blitz-May-07-2024"]
[Site "Chess.com"]
[Date "2024.05.07"]
[Round "2"]
[White "mary-sanna"]
[Black "kuchma777"]
[Result "0-1"]
[WhiteElo "2225"]
[BlackElo "2488"]
[TimeControl "180+1"]
[EndTime "8:14:13 PDT"]
[Termination "kuchma777 won by resignation"]

1. d4 Nf6 2. Nc3 d5 3. Bf4 a6 4. e3 e6 5. a3 c5 6. Nf3 Nc6 7. h3 Bd6 8. dxc5 Bxc5 9. Bd3 O-O 10. Kf1 Re8 11. g4 e5 12. Bg5 e4 0-1

[Event "Early-Titled-Tuesday-Blitz-May-07-2024"]
[Site "Chess.com"]
[Date "2024.05.07"]
[Round "2"]
[White "Yerkinio"]
[Black "NikFil2013"]
[Result "1-0"]
[WhiteElo "2669"]
[BlackElo "2391"]
[TimeControl "180+1"]
[EndTime "8:14:18 PDT"]
[Termination "Yerkinio won by resignation"]

1. e4 c5 2. Nf3 d6 3. d4 cxd4 4.
Nxd4 Nf6 5. Nc3 a6 6. Bg5 e6 7. f4 Be7 8. Qf3 Qc7 9. O-O-O b5 10. e5 Bb7 11. Qg3 Nbd7 12. exf6 1-0

[Event "Early-Titled-Tuesday-Blitz-May-07-2024"]
[Site "Chess.com"]
[Date "2024.05.07"]
[Round "2"]
[White "sofaceindisguise"]
[Black "Valeron87"]
[Result "1-0"]
[WhiteElo "2741"]
[BlackElo "2453"]
[TimeControl "180+1"]
[EndTime "8:14:38 PDT"]
[Termination "sofaceindisguise won by resignation"]

1. Nf3 d5 2. g3 Nf6 3. Bg2 c5 4. O-O Nc6 5. d3 e5 6. Nbd2 Bd6 7. e4 d4 8. a4 O-O 9. Nc4 Bc7 10. Nh4 b6 11. Bd2 a6 12. Nf5 b5 13.
axb5 Ne7 14. Nxe7+ Qxe7 15. b6 Bd6 16. f4 Nd7 17.
Bh3 Rb8 18. Bxd7 Bxd7 19. fxe5 Bxe5 20. Nxe5 Qxe5 21. Bf4 1-0

[Event "Early-Titled-Tuesday-Blitz-May-07-2024"]
[Site "Chess.com"]
[Date "2024.05.07"]
[Round "2"]
[White "Rhesh29"]
[Black "ahkashefi2800"]
[Result "0-1"]
[WhiteElo "2367"]
[BlackElo "2583"]
[TimeControl "180+1"]
[EndTime "8:14:53 PDT"]
[Termination "ahkashefi2800 won by resignation"]

1. e4 c6 2. d4 d5 3. exd5 cxd5 4. Bd3 Nf6 5. h3 Nc6 6. c3 g6 7. Nf3 Bg7 8. O-O Bf5 9. Bxf5 gxf5 10. Qd3 e6 11.
Re1 O-O 12. Bg5 Qb6 13. Bxf6 Bxf6 14. b3 Kh8 15. Nbd2 Rg8 16. Ne5 Bxe5 17. dxe5 Rg6 18. Nf3 Rag8 19. g3 Rxg3+ 20. Kf1 Rxh3 21. Ke2 Rg2 22. Qe3 Qxe3+ 23. Kxe3 Nxe5 0-1

[Event "Early-Titled-Tuesday-Blitz-May-07-2024"]
[Site "Chess.com"]
[Date "2024.05.07"]
[Round "2"]
[White "Bwert2602"]
[Black "tantaan"]
[Result "0-1"]
[WhiteElo "2244"]
[BlackElo "2494"]
[TimeControl "180+1"]
[EndTime "8:14:58 PDT"]
[Termination "tantaan won by resignation"]

1. d4 Nf6 2. Nc3 d5 3. Qd3 e6 4.
Bg5 Be7 5. O-O-O O-O 6. h4 c5 7. dxc5 Nbd7 8. Bxf6 Bxf6 9. e4 Nxc5 10. Qb5 Qb6 11. exd5 Bxc3 12. bxc3 exd5 13. Rxd5 Qh6+ 14. Kb1 Ne4 15. Bd3 Nxc3+ 0-1